 Dungeon Crawl Stone Soup version 0.17-a0-2158-g6d76252 (webtiles) character file.

1028609 onono the Annihilator (level 27, -10/205 HPs)
             Began as an Octopode Wizard on Oct 11, 2015.
             Was the Champion of Vehumet.
             Mangled by an elder weirdbat beast (14 damage)
             ... summoned by the player character
             ... on level 4 of the Dungeon on Oct 25, 2015.
             The game lasted 1 day 01:38:51 (197627 turns).

onono the Annihilator (Octopode Wizard)       Turns: 197627, Time: 1 , 01:38:52

Health: -10/205    AC: 12    Str: 14    XL:     27
Magic:  5/42       EV: 30    Int: 41    God:    Vehumet [******]
Gold:   11168      SH:  8    Dex: 15    Spells: 17 memorised, 0 levels left

rFire  + + +     SeeInvis +     b - +4 demon whip of the Hierophant {elec, rPois rF+++ rN++ MP-9}
rCold  + + +     Clarity  +     n - +2 buckler of Janaa {rPois rC+ rN+ Int-2}
rNeg   + + +     SustAt   +     x - +2 hat
rPois  +         Gourm    .     v - amulet of resist mutation
rElec  +         Spirit   .     h - ring "Uskeula" {*Drain rC+ Int+6}
rCorr  .         Warding  .     l - ring "Atse" {rC+ Slay+2 SInv Stlth-}
rMut   +         Stasis   .     C - ring of the Commoners {+Fly rElec Dex+2}
MR     ++++.                    M - ring of Aprackuf {MR+ Str+4 Dex+2}
Stlth  +++.......               R - ring of Jealousy {rPois MR+ Int+8}
                                u - +5 ring of protection
                                Q - +4 ring of evasion
                                c - ring of sustain attributes

@: delayed fireball, constricted, deflect missiles, incredibly resistant to
hostile enchantments, fairly stealthy
A: almost no armour, amphibious, 8 rings, constrict 8, iridescent scales 1,
camouflage 1, clarity, fire resistance 1, gelatinous body 1, MP-powered wands
a: Renounce Religion, Release Delayed Fireball, Evoke Flight
0: Orb of Zot
}: 6/15 runes: decaying, serpentine, slimy, silver, golden, icy


You were on level 4 of the Dungeon.
You worshipped Vehumet.
Vehumet was exalted by your worship.
You were completely stuffed.

You visited 15 branches of the dungeon, and saw 74 of its levels.
You visited the Abyss 1 time.
You visited 1 ziggurat, and saw 17 of its levels.
You also visited: Labyrinth, Volcano and Wizlab.

You collected 14109 gold pieces.
You spent 2899 gold pieces at shops.

Inventory:

Hand Weapons
 b - the +4 demon whip of the Hierophant (weapon) {elec, rPois rF+++ rN++ MP-9}
   (You found it on level 6 of the Pits of Slime)

   Occasionally, upon striking a foe, it will discharge some electrical energy
   and cause terrible harm.
   It renders you almost immune to fire.
   It protects you from poison.
   It greatly protects you from negative energy.
   It affects your magic capacity (-9).
 q - a +9 blowgun
Missiles
 S - 13 curare-tipped needles
 Y - 21 javelins of penetration (quivered)
Armour
 n - the +2 buckler of Janaa (worn) {rPois rC+ rN+ Int-2}
   (You acquired it on level 8 of the Lair of Beasts)

   It affects your intelligence (-2).
   It protects you from cold.
   It protects you from poison.
   It protects you from negative energy.
 x - a +2 hat (worn)
Magical Staves
 a - an uncursed staff of energy
Jewellery
 c - a ring of sustain attributes (on tentacle)
 f - an uncursed amulet of regeneration
 h - the ring "Uskeula" (left tentacle) {*Drain rC+ Int+6}
   (You took it off a deep elf high priest on level 3 of the Elven Halls)

   [ring of protection from cold]

   It affects your intelligence (+6).
   It protects you from cold.
   It causes draining when unequipped.
 l - the ring "Atse" (right tentacle) {rC+ Slay+2 SInv Stlth-}
   (You took it off a deep elf annihilator on level 3 of the Elven Halls)

   [ring of protection from cold]

   It affects your accuracy and damage with ranged weapons and melee attacks
   (+2).
   It protects you from cold.
   It lets you see invisible.
   It makes you less stealthy.
 o - an uncursed amulet of the gourmand
 u - a +5 ring of protection (on tentacle)
 v - an amulet of resist mutation (around mantle)
 C - the ring of the Commoners (on tentacle) {+Fly rElec Dex+2}
   (You found it on level 17 of a ziggurat)

   [ring of flight]

   It affects your dexterity (+2).
   It insulates you from electricity.
   It lets you fly.
 M - the ring of Aprackuf (on tentacle) {MR+ Str+4 Dex+2}
   (You found it on level 2 of the Elven Halls)

   [ring of protection from magic]

   It affects your strength (+4).
   It affects your dexterity (+2).
   It affects your resistance to hostile enchantments.
 Q - a +4 ring of evasion (on tentacle)
 R - the ring of Jealousy (on tentacle) {rPois MR+ Int+8}
   (You found it on level 13 of a ziggurat)

   [ring of protection from magic]

   It affects your intelligence (+8).
   It protects you from poison.
   It affects your resistance to hostile enchantments.
 U - the ring "Syggech" {rElec rF+ rC- Dex+7 Stlth+}
   (You found it on level 3 of the Tomb of the Ancients)

   [ring of protection from fire]

   It affects your dexterity (+7).
   It protects you from fire.
   It makes you vulnerable to cold.
   It insulates you from electricity.
   It makes you more stealthy.
 W - an uncursed amulet of stasis
Wands
 i - a wand of teleportation (6)
 s - a wand of heal wounds (0)
 t - a wand of hasting (4)
Scrolls
 d - 3 scrolls of fear
 e - 21 scrolls of identify
 g - 30 scrolls of remove curse
 y - 3 scrolls of blinking
 z - 6 scrolls of holy word
 G - 10 scrolls of recharging
 I - a scroll of summoning
 K - a scroll of magic mapping
 O - 11 scrolls of fog
Potions
 B - 3 potions of heal wounds
 F - 2 potions of agility
 L - 4 potions of resistance
 N - 3 potions of invisibility
 T - 5 potions of brilliance
 Z - 13 potions of curing
Books
 p - the Papyrus of the Zealot
   (You found it on level 4 of the Realm of Zot)

   Spells                             Type                      Level
   a - Passwall                       Transmutation/Earth          3
   b - Airstrike                      Air                          4
   c - Animate Dead                   Necromancy                   4
   d - Petrify                        Transmutation/Earth          4
   e - Fireball                       Conjuration/Fire             5
   f - Summon Demon                   Summoning                    5
   g - Shatter                        Earth                        9
 A - the Disquisition on the Entourage
   (You found it on level 7 of Cocytus)

   Spells                             Type                      Level
   a - Summon Butterflies             Summoning                    1
   b - Summon Small Mammal            Summoning                    1
   c - Call Imp                       Summoning                    2
   d - Summon Guardian Golem          Hexes/Summoning              3
   e - Call Canine Familiar           Summoning                    3
 X - the Papyrus of Feathery Cold
   (You found it on level 3 of the Tomb of the Ancients)

   Spells                             Type                      Level
   a - Throw Frost                    Conjuration/Ice              2
   b - Ensorcelled Hibernation        Hexes/Ice                    2
   c - Ozocubu's Armour               Charms/Ice                   3
   d - Airstrike                      Air                          4
   e - Ice Form                       Ice/Transmutation            4
   f - Summon Lightning Spire         Summoning/Air                4
Miscellaneous
 j - a crystal ball of energy
 k - a legendary deck of summoning {Foxfire, drawn: 1}
 m - a legendary deck of destruction {drawn: 1}
 r - a phial of floods (inert)
 w - an ornate deck of defence {Fortitude}
 D - an ornate deck of defence {the Tomb, drawn: 3}
 H - a fan of gales (inert)
 P - the horn of Geryon
 V - a box of beasts {used: 3}
Comestibles
 E - 29 bread rations
 J - 4 fruits


   Skills:
 - Level 21.0 Fighting
 - Level 12.3 Maces & Flails
   Level 12.1 Polearms
 - Level 13.0 Throwing
 * Level 24.4 Dodging
 - Level 14.0 Stealth
 - Level 8.0 Shields
 - Level 5.0 Unarmed Combat
 + Level 24.9 Spellcasting
 O Level 27 Conjurations
 - Level 8.2 Charms
 - Level 1.0 Summonings
 - Level 7.0 Necromancy
 - Level 8.0 Translocations
 + Level 24.1 Fire Magic
 - Level 9.8 Air Magic
 - Level 12.1 Earth Magic
 - Level 18.0 Evocations


You couldn't memorise any spells.
You knew the following spells:

 Your Spells              Type           Power        Failure   Level  Hunger
a - Deflect Missiles      Chrm/Air       #######...   1%          6    None
b - Blink                 Tloc           N/A          1%          2    None
c - Conjure Flame         Conj/Fire      ########     0%          3    None
d - Mephitic Cloud        Conj/Pois/Air  ########     0%          3    None
e - Orb of Destruction    Conj           ########..   0%          7    None
f - Freezing Cloud        Conj/Ice/Air   ########..   1%          6    None
g - Force Lance           Conj/Tloc      ########     0%          4    None
h - Fireball              Conj/Fire      ########..   0%          5    None
i - Lee's Rapid Deconstr  Erth           ########..   1%          5    None
j - Fire Storm            Conj/Fire      ########..   1%          9    None
k - Dispel Undead         Necr           #######.     1%          5    None
l - Lehudib's Crystal Sp  Conj/Erth      ########..   1%          8    None
m - Apportation           Tloc           #######...   0%          1    None
n - Summon Butterflies    Summ           ######..     1%          1    None
o - Haste                 Chrm           #######.     1%          6    None
p - Delayed Fireball      Conj/Fire      N/A          1%          7    None
q - Stoneskin             Trmt/Erth      #######.     1%          2    None


Dungeon Overview and Level Annotations

Branches:
Dungeon (15/15)            Temple (1/1) D:7            Lair (8/8) D:9
  Swamp (4/4) Lair:5        Snake (4/4) Lair:6        Slime (6/6) Lair:6
    Orc (4/4) D:12            Elf (3/3) Orc:3        Vaults (5/5) D:13
  Crypt (3/3) Vaults:2       Tomb (3/3) Crypt:3      Depths (5/5) D:15
   Hell (1/1)                 Dis (0/7) Hell            Geh (0/7) Hell
    Coc (7/7) Hell            Tar (0/7) Hell            Zot (5/5) Depths:5

Altars:
Ashenzari
Cheibriados
Dithmenos
Elyvilon
Fedhas
Gozag
Kikubaaqudgha
Makhleb
Okawaru
Qazlal
Ru
Sif Muna
Trog
Vehumet
Xom
Yredelemnul
Zin
The Shining One
Jiyva

Shops:
D:8 !   D:10 :   Orc:1 %   Orc:4 *?*}?   Vaults:1 (

Portals:
Hell: Depths:1 Depths:2 Depths:3 Depths:4 Depths:5
Abyss: Depths:1 Depths:3 Depths:4
Pandemonium: Depths:2 Depths:3 Depths:4

Annotations:
Snake:3 exclusion: downstairs
Slime:5 exclusions: downstairs and upstairs
Vaults:1 exclusion: downstairs
Crypt:1 exclusion: downstairs
Depths:5 Orb of Fire waiting at the entrance to Zot


Innate Abilities, Weirdness & Mutations

You cannot wear most types of armour.
You are amphibious.
You can wear up to eight rings at the same time.
You can use your tentacles to constrict eight enemies at once.
Your skin changes colour to match your surroundings (Stealth).
Your rubbery body absorbs attacks (AC +1).
You are partially covered in iridescent scales (AC +4).
You possess an exceptional clarity of mind.
Your flesh is heat resistant.
You expend magic power (3 MP) to strengthen your wands.


Message History

Your air elemental misses the Orb Guardian.
The Orb Guardian hits you.
* * * LOW HITPOINT WARNING * * *
The elder weirdbat beast hits your air elemental!
* * * LOW HITPOINT WARNING * * *
The elder weirdbat beast constricts you!
Your attempt to break free from the elder weirdbat beast fails, but you feel that another attempt might succeed.
Your air elemental hits the elder weirdbat beast! x2
Your air elemental misses the Orb Guardian.
Your water elemental hits the Orb Guardian!
Your air elemental hits the elder weirdbat beast. x2
The ice devil hits your water elemental.
The ice devil freezes your water elemental!!
Your air elemental completely misses the Orb Guardian.
The Orb Guardian closely misses you.
Your water elemental hits the ice devil!!
The ice devil dies!
Vehumet accepts your kill.
The elder weirdbat beast hits your air elemental!
You die...

......................#######...#
......##########§.....# #...#
......'........§.#.#### #...#
......##########)#.#### #...#
..................§.... +....
##.....######.#EE≈..... #...#
#.....# #.#EE#.###. #...# #.....#
#.#≈X# # ##### #.....# #.#H@#
#.....# #.#EE# #.....# #.#..#
#.....# #.#..# #..# #..# #..#
#..# ###### #..# ......


You could see an Orb Guardian, an elder weirdbat beast, 3 friendly water
elementals and 3 friendly air elementals.

Vanquished Creatures
  the royal jelly (Slime:6)
  Khufu (Tomb:3)
  6 orbs of fire
  2 juggernauts (Depths:3)
  14 ancient liches
  30 greater mummies
  Sojobo (Crypt:2)
  3 pandemonium lords
  13 shard shrikes
  Frederick (Depths:2)
  6 curse toes
  A caustic shrike (shapeshifter) (Depths:4)
  Geryon (Hell)
  4 Killer Klowns
  2 caustic shrikes (Zig:16)
  13 golden dragons
  Nikola (Swamp:2)
  the Enchantress (Depths:5)
  The ghost of kaze the Earth Mage, an adept FoEE of Vehumet (Depths:1)
  6 bone dragons
  The ghost of Xuu the Cutthroat, a veteran KoAs of Okawaru (Vaults:5)
  4 electric golems
  2 Brimstone Fiends
  A Cloud Mage (WizLab)
  Rupert (Vaults:2)
  29 tentacled monstrosities
  17 Ice Fiends
  13 liches
  25 Orb Guardians
  3 Hell Sentinels
  2 deep elf blademasters
  6 titans
  2 deep elf master archers (Elf:3)
  2 quicksilver dragons
  25 acid blobs
  An Executioner (Zig:12)
  3 octopode crushers
  7 ancient champions
  A quicksilver dragon (shapeshifter) (Zig:2)
  24 storm dragons
  2 eldritch tentacles (Coc:7)
  3 shadow dragons
  Frances (D:13)
  8 death cobs
  3 thorn hunters
  2 tentacled starspawn
  13 tengu reavers
  13 sphinxes
  6 revenants
  11 draconian monks
  22 fire giants
  15 azure jellies
  Wiglaf (Elf:2)
  The ghost of veever the Tortoise, a journeyman DDBe of Trog (Snake:4)
  13 greater nagas
  5 ghost moths
  9 deep elf sorcerers
  2 balrugs
  An iron dragon (Depths:4)
  17 frost giants
  3 orc warlords (Zig:15)
  7 draconian knights
  4 draconian scorchers
  6 curse skulls
  9 draconian zealots
  21 reapers
  19 ironheart preservers
  18 vault wardens
  A caustic shrike skeleton (Depths:3)
  6 draconian shifters
  7 very ugly things
  4 draconian annihilators
  An ophan (Zig:12)
  3 draconian callers (Zot:5)
  4 elemental wellsprings
  27 stone giants
  4 spriggan defenders
  A juggernaut skeleton (Depths:3)
  7 black draconians
  11 vampire knights
  7 deep elf demonologists
  11 green draconians
  5 war gargoyles
  5 salamander firebrands
  3 starcursed masses (Zig:12)
  2 lorocyprocas
  A blood saint (Zot:1)
  6 yellow draconians
  2 salamander stormcallers
  9 bennus
  10 white draconians
  13 mottled draconians
  13 red draconians
  10 purple draconians
  18 eidola
  18 deep elf annihilators
  14 blizzard demons
  17 ettins
  15 deep elf death magi
  15 great orbs of eyes
  5 merfolk javelineers (Zig:17)
  6 death oozes (Slime:6)
  13 small abominations
  A merfolk impaler (Zig:17)
  A minotaur (Lab)
  38 mummy priests
  10 jiangshi
  30 vault guards
  2 quicksilver dragon zombies
  2 crystal guardians (Zig:16)
  9 deep elf high priests
  13 yaktaur captains
  33 fire dragons
  A catoblepas (shapeshifter) (D:14)
  18 ogre magi
  2 quicksilver dragon skeletons
  5 rakshasas
  12 entropy weavers
  6 ghost crabs
  25 hydras
  20 naga warriors
  16 centaur warriors
  47 ice dragons
  An ice dragon (shapeshifter) (D:15)
  A hell beast (Depths:1)
  32 anacondas
  4 catoblepae
  Erica (Lair:1)
  5 merfolk aquamancers (Zig:17)
  5 spriggan air magi
  15 dancing weapons
  12 alligators
  11 tengu warriors
  12 deep troll earth magi
  8 deep troll shamans
  A death knight (Zig:13)
  7 death yaks
  24 naga sharpshooters
  9 orc high priests
  6 thrashing horrors (Abyss:2)
  7 shock serpents
  3 spriggan berserkers
  35 deep elf knights
  14 soul eaters
  A titan zombie (Zig:9)
  2 iron golems (Zig:16)
  5 vampire magi
  Sonja (Orc:4)
  4 storm dragon zombies
  Nergalle (Orc:1)
  9 hell hogs (Hell)
  5 shadow wraiths
  3 titan skeletons
  4 sun demons
  4 wretched stars
  A fire crab (shapeshifter) (Elf:1)
  12 salamander mystics
  83 death scarabs
  4 fire crabs
  A spatial maelstrom (Zig:12)
  6 iron trolls
  3 storm dragon skeletons
  A shock serpent (shapeshifter) (Vaults:1)
  A death drake (Zig:10)
  32 deep trolls
  29 hell knights
  77 skeletal warriors
  A death drake (shapeshifter) (D:15)
  A ghost moth zombie (Crypt:3)
  A giant orange brain (shapeshifter) (Zig:4)
  A spriggan druid (Zig:7)
  2 swamp dragons (shapeshifter) (Vaults:1)
  20 ironbrand convokers
  15 swamp dragons
  5 anaconda zombies
  2 gelid demonspawn
  3 golden dragon zombies
  7 sea snakes (Zig:17)
  11 naga ritualists
  16 deep elf summoners
  23 ice devils
  7 hill giants
  7 unseen horrors
  3 shadow dragon zombies
  4 ice statues
  2 golden dragon skeletons (Coc:7)
  A deep troll (shapeshifter) (D:15)
  An obsidian statue (D:15)
  2 sphinx zombies
  An unseen horror (shapeshifter) (Vaults:5)
  A tengu zombie (Depths:4)
  4 shambling mangroves
  21 orc knights
  12 giant orange brains
  28 deep elf conjurers
  10 flayed ghosts
  2 hornets (shapeshifter)
  2 orb spiders (shapeshifter)
  9 wolf spiders
  2 hill giants (shapeshifter)
  5 lindwurms
  11 phantasmal warriors
  7 oklob plants
  27 mana vipers
  3 anaconda skeletons
  3 iron dragon zombies
  31 anubis guards
  3 wizards
  6 cyclopes
  2 tengu skeletons
  A cyclops (shapeshifter) (Elf:3)
  A moth of wrath (shapeshifter) (Zig:4)
  2 stone giant zombies
  9 statues
  6 orc sorcerers
  2 shadow dragon skeletons
  3 fire giant zombies
  34 necromancers
  43 ugly things
  26 salamanders
  32 moths of wrath
  A water nymph (shapeshifter) (Vaults:5)
  A manticore (shapeshifter) (Elf:1)
  2 worldbinders
  A frost giant zombie (Crypt:2)
  2 sphinx skeletons
  3 water nymphs (Zig:17)
  7 griffons
  8 manticores
  4 hornets
  9 shining eyes
  2 iron dragon skeletons
  3 dire elephant zombies
  9 smoke demons
  A siren (Zig:17)
  12 elephants
  A sixfirhy (D:15)
  2 stone giant skeletons
  5 fire giant skeletons
  2 spriggan zombies
  16 vault sentinels
  56 black mambas
  7 centaur zombies
  2 orange demons
  6 eyes of devastation
  30 naga magi
  A shock serpent zombie (Coc:7)
  8 torpor snails
  2 frost giant skeletons
  A black mamba (shapeshifter) (Elf:2)
  A spiny frog (shapeshifter) (D:13)
  Psyche (D:9)
  A titan simulacrum (Depths:3)
  3 rust devils
  A molten gargoyle (Depths:2)
  4 kobold demonologists
  2 centaur skeletons
  4 hellions
  2 dire elephant skeletons
  A red draconian zombie (Crypt:1)
  20 spiny frogs
  7 gargoyles
  18 komodo dragons
  An alligator snapping turtle skeleton (Crypt:1)
  8 guardian serpents (Snake:4)
  54 yaktaurs
  A redback zombie (Crypt:2)
  29 deep elf priests
  8 fire drakes
  A komodo dragon (shapeshifter) (Depths:4)
  4 ancient zymes
  A golden dragon simulacrum (Depths:3)
  4 red devils
  7 tengu conjurers
  2 anaconda simulacra (Hell)
  12 hellwings (Crypt:3)
  8 wind drakes (WizLab)
  40 guardian mummies
  A fire drake (shapeshifter) (Vaults:1)
  8 hydra zombies
  10 tormentors
  11 merfolk (Zig:17)
  A yellow draconian skeleton (Crypt:1)
  28 two-headed ogres
  2 harpy zombies
  16 trolls
  2 polar bears
  33 freezing wraiths
  A wolf spider simulacrum (Coc:1)
  A boulder beetle (shapeshifter) (Zig:14)
  19 blue devils
  A giant leech (shapeshifter) (Depths:2)
  3 hydra skeletons
  21 bog bodies
  15 giant leeches
  A wind drake (shapeshifter) (Depths:1)
  3 fire dragon zombies
  6 raiju
  11 jumping spiders
  28 blink frogs
  3 harpy skeletons
  235 slime creatures
  6 ettin zombies
  A griffon zombie (Crypt:1)
  14 boulder beetles
  5 alligator zombies
  16 ushabtiu
  A slime creature (shapeshifter) (Vaults:5)
  63 flying skulls
  3 snapping turtles (Zig:17)
  2 ynoxinuls (Zig:12)
  22 redbacks
  A stone giant simulacrum (Vaults:4)
  2 ice dragon zombies
  An alligator skeleton (Crypt:3)
  2 trapdoor spiders (Lab)
  2 human simulacra
  3 ettin skeletons
  5 tarantellas
  50 deep elf magi
  4 spriggans (shapeshifter)
  9 spriggans
  9 water elementals
  38 air elementals
  A fire bat (shapeshifter) (D:13)
  6 wyverns
  A deep troll skeleton (Zig:3)
  2 ice dragon skeletons
  A steam dragon (D:9)
  A basilisk (shapeshifter) (Vaults:1)
  7 fire elementals (Hell)
  16 wraiths
  2 black mamba skeletons
  A hog (D:7)
  23 humans
  45 vampire mosquitoes
  A yaktaur simulacrum (Vaults:3)
  A harpy simulacrum (Coc:7)
  2 chaos spawn
  3 basilisks
  2 hippogriffs (shapeshifter)
  42 golden eyes
  A naga (shapeshifter) (Vaults:5)
  12 shadows
  5 hungry ghosts
  58 deep elf fighters
  2 fire bats (Volcano)
  18 hippogriffs
  13 vampires
  51 yaks
  66 nagas
  7 wargs
  2 merfolk zombies
  A soldier ant (shapeshifter) (D:15)
  A wolf (shapeshifter) (Depths:1)
  4 neqoxecs
  26 insubstantial wisps
  5 mottled dragons
  29 swamp worms
  15 water moccasins
  12 wolves
  13 large abominations
  A hydra simulacrum (Coc:6)
  24 wasps
  An ettin simulacrum (Vaults:3)
  8 hell hounds
  A hornet simulacrum (D:14)
  6 spiny frog zombies
  A merfolk skeleton (Tomb:2)
  2 necrophages
  53 orc warriors
  A sky beast (shapeshifter) (Vaults:5)
  5 black bears
  2 spiny frog skeletons
  12 eyes of draining
  A black bear (shapeshifter) (Vaults:3)
  72 ogres
  3 sky beasts
  14 boggarts
  22 swamp drakes
  A phantom (D:5)
  2 snapping turtle zombies
  18 porcupines
  A spider (shapeshifter) (Depths:3)
  14 ice beasts
  An ogre (shapeshifter) (Vaults:2)
  An orc zombie (Vaults:1)
  An alligator simulacrum (Hell)
  22 centaurs
  A crocodile (shapeshifter) (Depths:5)
  2 snapping turtle skeletons (Coc:7)
  23 crocodiles
  2 swamp dragon skeletons
  3 big kobolds
  24 giant frogs
  3 brain worms (Lair:8)
  An elf simulacrum (Vaults:1)
  A brain worm (shapeshifter) (Vaults:5)
  3 elf zombies (Elf:1)
  2 glowing shapeshifter simulacra
  7 human skeletons
  3 wyvern zombies
  3 earth elementals (Zig:16)
  8 wyvern skeletons
  12 killer bees
  2 spiny frog simulacra
  A water moccasin zombie (D:11)
  4 scorpions
  51 jellies
  5 spriggan skeletons
  2 electric eels
  23 wights
  5 lava snakes (Volcano)
  12 crimson imps
  3 gnoll shamans (D:6)
  A wolf skeleton (Crypt:2)
  A giant frog zombie (D:8)
  42 orc wizards
  12 human zombies
  2 quasits
  3 giant frog skeletons
  13 iguanas
  8 hounds
  3 iron imps
  26 orc priests
  Ijyb (D:2)
  A killer bee zombie (D:8)
  16 worker ants
  32 sheep
  An ogre skeleton (Coc:1)
  A dwarf skeleton (Crypt:2)
  54 mummies
  A hound zombie (D:9)
  A hound skeleton (D:5)
  37 gnolls (D:6)
  A steam dragon skeleton (Crypt:1)
  9 adders
  53 river rats
  A shadow imp (D:10)
  2 giant eyeballs (Depths:3)
  7 white imps
  3 oozes
  An adder zombie (D:9)
  3 adder skeletons
  19 worms
  7 giant geckos
  224 orcs
  5 ball pythons
  17 bats
  7 giant cockroaches
  5 goblins
  11 hobgoblins
  20 jackals
  25 kobolds
  7 quokkas
  A ball python zombie (D:5)
  2 giant gecko skeletons
  2 giant newts
  A kobold simulacrum (Coc:6)
  A kobold skeleton (Crypt:1)
  An orc skeleton (Crypt:2)
  A quokka skeleton (D:9)
  4 quokka zombies
  12 rats
  9 briar patches
  3 bushes (Lair:5)
  46 fire vortices
  2 fungi
  3 lost souls (Crypt:3)
  A lurking horror (Abyss:2)
  21 plants
5038 creatures vanquished.

Vanquished Creatures (collateral kills)
  Antaeus (Coc:7)
  An ancient lich (Zot:5)
  2 greater mummies
  A shard shrike (Coc:7)
  A Killer Klown (Zot:5)
  A tentacled monstrosity (Zot:1)
  A quicksilver dragon (Depths:4)
  3 Orb Guardians (Zot:5)
  A titan (Vaults:5)
  An Ice Fiend (Coc:7)
  An acid blob (Zig:8)
  A thorn hunter (Zig:10)
  3 storm dragons
  An azure jelly (Slime:6)
  2 vault wardens
  A draconian knight (Depths:5)
  A ghost moth (Zot:5)
  A frost giant (Depths:3)
  An ironheart preserver (Vaults:2)
  A draconian annihilator (Zot:5)
  6 stone giants
  2 very ugly things
  2 reapers
  A green draconian (Zot:4)
  2 deep elf annihilators
  3 black draconians
  2 yellow draconians
  A mottled draconian (Zot:5)
  5 purple draconians
  3 white draconians
  A deep elf death mage (Vaults:5)
  2 mummy priests
  6 vault guards
  A great orb of eyes (Zig:8)
  3 yaktaur captains
  An entropy weaver (Depths:5)
  A tengu warrior (Depths:2)
  A hell hog (Hell)
  A skeletal warrior (Hell)
  A swamp dragon (Zig:7)
  A shambling mangrove (Zig:7)
  An ice devil (D:4)
  2 death scarabs (Tomb:3)
  A deep troll (Vaults:5)
  An ugly thing (Depths:1)
  2 moths of wrath (Zig:15)
  A dire elephant zombie (Crypt:2)
  A vault sentinel (Vaults:4)
  2 yaktaurs
  A hellwing (Crypt:3)
  A harpy skeleton (Crypt:3)
  An ushabti (Tomb:2)
  5 slime creatures
  A snapping turtle (Zig:17)
  2 redbacks
  A water elemental (Depths:5)
  A golden eye (Slime:2)
  2 orc warriors (Zig:15)
  3 small abominations
  A boggart (Depths:2)
  A wyvern skeleton (Crypt:3)
  5 jellies
  An orc wizard (D:7)
  6 mummies
  A white imp (Hell)
  11 orcs (Zig:15)
127 creatures vanquished.

Vanquished Creatures (others)
  3 eldritch tentacles
  A draconian zealot (Zot:1)
  A stone giant (Zig:16)
  An ironheart preserver (Vaults:2)
  A bennu (Tomb:2)
  A quicksilver dragon skeleton (Tomb:2)
  3 death scarabs (Tomb:2)
  A sphinx zombie (Zig:9)
  A moth of wrath (Zot:2)
  A human skeleton (Vaults:5)
  A spiny frog (Swamp:2)
  2 slime creatures (Swamp:2)
  A deep elf mage (Elf:3)
  7 flying skulls (Tomb:2)
  A swamp worm (Swamp:4)
  An insubstantial wisp (Swamp:3)
  A swamp drake (Swamp:4)
  2 mummies
  A kobold (D:3)
  2 briar patches (Swamp:3)
  2 bushes
  397 eldritch tentacle segments
  1054 fire vortices
  39 fungi
  6 lost souls
  95 plants
  6 starspawn tentacles (Abyss:2)
1632 creatures vanquished.

Grand Total: 6797 creatures vanquished

Notes
Turn   | Place    | Note
--------------------------------------------------------------
     0 | D:1      | onono the Octopode Wizard began the quest for the Orb.
     0 | D:1      | Reached XP level 1. HP: 11/11 MP: 4/4
   222 | D:1      | Reached XP level 2. HP: 17/17 MP: 1/6
   470 | D:1      | Learned a level 2 spell: Blink
   878 | D:1      | Reached XP level 3. HP: 21/21 MP: 4/7
  1503 | D:2      | Reached XP level 4. HP: 27/27 MP: 1/8
  1676 | D:2      | Noticed Ijyb
  1743 | D:2      | Killed Ijyb
  1743 | D:2      | Reached skill level 4 in Stealth
  1849 | D:2      | Found a deep blue altar of Sif Muna.
  1856 | D:2      | Found a stormy altar of Qazlal.
  1857 | D:2      | Found a glowing silver altar of Zin.
  1860 | D:2      | Found an opulent altar of Gozag.
  1974 | D:2      | Learned a level 3 spell: Conjure Flame
  1978 | D:2      | Learned a level 3 spell: Mephitic Cloud
  2345 | D:3      | Reached XP level 5. HP: 29/31 MP: 5/9
  2621 | D:3      | Found a shadowy altar of Dithmenos.
  3001 | D:3      | Reached skill level 1 in Fire Magic
  3247 | D:3      | Found a white marble altar of Elyvilon.
  3569 | D:3      | Reached XP level 6. HP: 36/36 MP: 7/10
  3712 | D:3      | Learned a level 2 spell: Call Imp
  3951 | D:5      | Entered Level 5 of the Dungeon
  4067 | D:4      | You fall through a shaft!
  4240 | D:5      | Found a burning altar of Makhleb.
  4257 | D:5      | Reached skill level 5 in Stealth
  4683 | D:6      | Reached skill level 5 in Conjurations
  4683 | D:6      | Reached XP level 7. HP: 29/41 MP: 1/11
  4686 | D:6      | Gained mutation: You can translocate small distances at will. [potion of beneficial mutation]
  5180 | D:5      | Reached skill level 6 in Conjurations
  6332 | D:6      | Reached XP level 8. HP: 46/46 MP: 1/12
  6503 | D:6      | Learned a level 2 spell: Repel Missiles
  7057 | D:6      | Reached skill level 7 in Conjurations
  7057 | D:6      | Reached skill level 1 in Air Magic
  8059 | D:6      | Reached skill level 8 in Conjurations
  8949 | D:6      | Reached XP level 9. HP: 51/51 MP: 0/13
  9577 | D:7      | Found a blossoming altar of Fedhas.
  9633 | D:7      | Reached skill level 9 in Conjurations
  9672 | D:7      | Found a staircase to the Ecumenical Temple.
 10219 | D:7      | Found a shimmering altar of Xom.
 10314 | Temple   | Entered the Ecumenical Temple
 10356 | Temple   | Became a worshipper of Vehumet
 10976 | D:7      | Noticed a human
 10976 | D:7      | Noticed a hog
 10982 | D:7      | Killed a hog
 10982 | D:7      | Reached skill level 10 in Conjurations
 10982 | D:7      | Reached skill level 5 in Air Magic
 11014 | D:7      | Killed a human
 11374 | D:7      | Reached skill level 1 in Throwing
 11684 | D:8      | Upgraded the game from 0.17-a0-2030-g9ce824c to 0.17-a0-2058-g8b0eb12
 12137 | D:8      | Found Puta's Distillery.
 12384 | D:8      | Bought a potion of haste for 120 gold pieces
 12384 | D:8      | Bought a potion of lignification for 36 gold pieces
 12483 | D:8      | Reached XP level 10. HP: 43/56 MP: 7/15
 12645 | D:9      | Reached piety under Vehumet
 12645 | D:9      | Offered knowledge of Flame Tongue by Vehumet.
 13800 | D:8      | Learned a level 4 spell: Force Lance
 14862 | D:9      | Offered knowledge of Sandblast by Vehumet.
 14862 | D:9      | Reached skill level 5 in Fire Magic
 15236 | D:9      | Noticed Psyche
 15257 | D:9      | Reached skill level 1 in Fighting
 15297 | D:9      | Killed Psyche
 15506 | D:9      | Reached skill level 11 in Conjurations
 15789 | D:9      | Reached XP level 11. HP: 62/66 MP: 7/18
 15856 | D:9      | Reached skill level 5 in Spellcasting
 16135 | D:9      | Found a staircase to the Lair.
 16317 | D:9      | Offered knowledge of Static Discharge by Vehumet.
 16684 | D:10     | Entered Level 10 of the Dungeon
 16684 | D:10     | Found Ihuidok's Book Shoppe.
 17003 | D:10     | Noticed a hill giant
 17197 | D:10     | Killed a hill giant
 17248 | D:10     | Reached ** piety under Vehumet
 17544 | D:10     | Reached skill level 5 in Fighting
 17673 | D:10     | Offered knowledge of Airstrike by Vehumet.
 17687 | D:10     | Learned a level 3 spell: Gell's Gravitas
 18527 | D:11     | Reached *** piety under Vehumet
 18718 | D:11     | Noticed an ice devil
 19133 | D:11     | Noticed a hill giant
 19149 | D:11     | Killed a hill giant
 19461 | D:11     | Offered knowledge of Lee's Rapid Deconstruction by Vehumet.
 20033 | D:11     | Reached XP level 12. HP: 81/81 MP: 9/24
 20152 | D:11     | Learned a level 5 spell: Lee's Rapid Deconstruction
 20312 | D:12     | Found a staircase to the Orcish Mines.
 20577 | D:12     | Reached skill level 1 in Earth Magic
 20608 | D:12     | Reached skill level 5 in Dodging
 20955 | D:12     | Reached skill level 1 in Polearms
 21616 | Lair:1   | Entered Level 1 of the Lair of Beasts
 21669 | Lair:1   | Noticed a death yak
 21669 | Lair:1   | Noticed a death yak
 21690 | Lair:1   | Noticed a death yak
 22146 | Lair:1   | Noticed a death yak
 22153 | Lair:1   | Killed a death yak
 22509 | Lair:1   | Noticed Erica
 22533 | Lair:1   | Killed Erica
 22818 | Lair:1   | Offered knowledge of Irradiate by Vehumet.
 23474 | Lair:1   | Killed a death yak
 23474 | Lair:1   | Reached skill level 1 in Evocations
 23484 | Lair:1   | Killed a death yak
 23484 | Lair:1   | Reached skill level 5 in Polearms
 23507 | Lair:1   | Reached skill level 5 in Earth Magic
 23550 | Lair:1   | Killed a death yak
 24806 | Lair:2   | Reached XP level 13. HP: 86/86 MP: 25/25
 26280 | Lair:3   | Learned a level 5 spell: Irradiate
 26989 | Lair:3   | Found a runed door.
 28008 | Lair:4   | Reached skill level 10 in Spellcasting
 28470 | Lair:4   | Offered knowledge of Orb of Destruction by Vehumet.
 28918 | D:10     | Learned a level 7 spell: Orb of Destruction
 29057 | Orc:1    | Entered Level 1 of the Orcish Mines
 29416 | D:13     | Found a shattered altar of Ashenzari.
 30239 | D:13     | Noticed a vault guard
 30254 | D:13     | Noticed a vault guard
 30271 | D:13     | Killed a vault guard
 30291 | D:13     | Reached XP level 14. HP: 81/94 MP: 18/28
 30388 | D:13     | Killed a vault guard
 30408 | D:13     | Reached skill level 12 in Conjurations
 30483 | D:13     | Found a gate to the Vaults.
 30821 | D:13     | Noticed Frances
 31283 | D:13     | Offered knowledge of Freezing Cloud by Vehumet.
 32836 | Lair:5   | Reached skill level 13 in Conjurations
 33941 | Lair:5   | Offered knowledge of Bolt of Magma by Vehumet.
 34757 | D:14     | HP: 3/94 [orc wizard/magic dart (4)]
 35790 | D:13     | Upgraded the game from 0.17-a0-2058-g8b0eb12 to 0.17-a0-2064-g265a032
 36153 | D:14     | Reached skill level 14 in Conjurations
 36428 | D:14     | Noticed a vampire knight
 36478 | D:14     | Killed a vampire knight
 36478 | D:14     | Reached XP level 15. HP: 100/100 MP: 30/30
 36883 | D:14     | Found a basalt altar of Yredelemnul.
 37493 | D:15     | Entered Level 15 of the Dungeon
 37783 | D:15     | Offered knowledge of Spellforged Servitor by Vehumet.
 38768 | D:15     | Reached skill level 15 in Conjurations
 40256 | Lair:5   | Gained mutation: You are partially covered in iridescent scales (AC +4). [potion of beneficial mutation]
 40628 | Lair:5   | Found a staircase to the Swamp.
 40706 | Lair:6   | Found a staircase to the Slime Pits.
 40706 | Lair:6   | Found a viscous altar of Jiyva.
 40747 | Lair:6   | Found a dark tunnel.
 40771 | Volcano  | Entered a volcano
 41144 | Volcano  | Found a deep blue altar of Sif Muna.
 41847 | Lair:6   | Reached skill level 10 in Fighting
 41901 | Lair:6   | Offered knowledge of Iron Shot by Vehumet.
 42112 | Lair:6   | Learned a level 5 spell: Fireball
 42184 | Lair:6   | Found a staircase to the Snake Pit.
 42432 | Lair:6   | Got a jewelled broad axe
 42433 | Lair:6   | Identified the +3 broad axe of Stickiness {elec, rC- Int+6 Stlth+} (You found it on level 6 of the Lair of Beasts)
 43753 | Lair:7   | Reached XP level 16. HP: 109/109 MP: 27/32
 44141 | Lair:7   | Offered knowledge of Bolt of Fire by Vehumet.
 44260 | Lair:7   | Reached skill level 16 in Conjurations
 44424 | Lair:8   | Entered Level 8 of the Lair of Beasts
 44490 | Lair:8   | Found a labyrinth entrance.
 44501 | Lab      | Entered a labyrinth
 45476 | Lab      | Identified Beos's Grimoire of the Quantum Glacier (You found it in a labyrinth)
 45569 | Lair:8   | Learned a level 2 spell: Cure Poison
 46073 | Lair:8   | Identified a scroll of acquirement
 46134 | Lair:8   | Reached skill level 5 in Evocations
 46913 | Lair:8   | Found a runed door.
 48895 | Lair:8   | Got a crude buckler
 48902 | Lair:8   | Identified the +2 buckler of Janaa {rPois rC+ rN+ Int-2} (You acquired it on level 8 of the Lair of Beasts)
 49469 | Orc:1    | Reached **** piety under Vehumet
 49522 | Orc:1    | Found Teadghiur's Food Shoppe.
 49731 | Orc:1    | Noticed Nergalle
 49746 | Orc:1    | Killed Nergalle
 49746 | Orc:1    | Reached skill level 1 in Shields
 50585 | Orc:3    | Found a staircase to the Elven Halls.
 50716 | Orc:4    | Entered Level 4 of the Orcish Mines
 50918 | Orc:4    | Noticed Sonja
 50921 | Orc:4    | Killed Sonja
 51063 | Orc:4    | Found Wuuhacs's Assorted Antiques.
 51278 | Orc:4    | Found a bloodstained altar of Trog.
 51354 | Orc:4    | Reached ***** piety under Vehumet
 52712 | Orc:4    | Found Sezxel's Magic Scroll Shop.
 52712 | Orc:4    | Found Catem's Assorted Antiques.
 52713 | Orc:4    | Found Huept's Gadget Shoppe.
 52713 | Orc:4    | Found Qiguts's Magic Scroll Shoppe.
 52753 | Orc:4    | Bought a potion of heal wounds for 145 gold pieces
 52859 | Elf:1    | Entered Level 1 of the Elven Halls
 53545 | Elf:1    | Reached skill level 5 in Shields
 53545 | Elf:1    | Reached XP level 17. HP: 99/115 MP: 22/33
 53869 | Elf:1    | Upgraded the game from 0.17-a0-2064-g265a032 to 0.17-a0-2070-g2a5e0a8
 54558 | Elf:1    | Reached ****** piety under Vehumet
 54558 | Elf:1    | Offered knowledge of Lehudib's Crystal Spear by Vehumet.
 54558 | Elf:1    | Offered knowledge of Fire Storm by Vehumet.
 54558 | Elf:1    | Offered knowledge of Shatter by Vehumet.
 54663 | Elf:1    | Identified the Collected Works on Dark Rituals
 56242 | Elf:1    | Upgraded the game from 0.17-a0-2070-g2a5e0a8 to 0.17-a0-2074-gaf3f87d
 56271 | Elf:2    | Found an ancient bone altar of Kikubaaqudgha.
 56297 | Elf:2    | Noticed a deep elf blademaster
 56360 | Elf:2    | Killed a deep elf blademaster
 57095 | Elf:2    | Got a transparent pewter ring
 57097 | Elf:2    | Identified the ring of Aprackuf {MR+ Str+4 Dex+2} (You found it on level 2 of the Elven Halls)
 57236 | Elf:2    | Found a runed gate.
 57236 | Elf:2    | Found a runed gate.
 57477 | Elf:2    | Found a runed gate.
 58773 | Elf:2    | Noticed Wiglaf
 59608 | Elf:2    | Killed Wiglaf
 59907 | Elf:2    | hehe
 60134 | Elf:2    | Reached XP level 18. HP: 122/122 MP: 27/35
 60491 | Elf:3    | Entered Level 3 of the Elven Halls
 61069 | Elf:3    | Reached skill level 10 in Evocations
 61419 | Elf:2    | Upgraded the game from 0.17-a0-2074-gaf3f87d to 0.17-a0-2093-gc772f4b
 61878 | Swamp:1  | Entered Level 1 of the Swamp
 62579 | Swamp:1  | Reached skill level 10 in Fire Magic
 63192 | Snake:1  | Entered Level 1 of the Snake Pit
 65082 | Orc:4    | Bought a scroll of recharging for 114 gold pieces
 65082 | Orc:4    | Bought a scroll of recharging for 114 gold pieces
 65082 | Orc:4    | Bought 2 scrolls of identify for 48 gold pieces
 65082 | Orc:4    | Bought a scroll of identify for 24 gold pieces
 65094 | Orc:4    | Bought a scroll of teleportation for 42 gold pieces
 65094 | Orc:4    | Bought a scroll of teleportation for 42 gold pieces
 65094 | Orc:4    | Bought 2 scrolls of identify for 56 gold pieces
 65094 | Orc:4    | Bought a scroll of identify for 28 gold pieces
 65094 | Orc:4    | Bought a scroll of identify for 28 gold pieces
 65681 | Elf:3    | Found a deep blue altar of Sif Muna.
 65690 | Elf:3    | Identified the Handbook of the Assistive Compass
 65855 | Elf:3    | Learned a level 3 spell: Ignite Poison
 66352 | Elf:3    | Got an ebony dagger {freeze}
 66353 | Elf:3    | Identified the +11 dagger "Wothiqiaf" {freeze, Str+2 Dex+4} (You took it off a deep elf death mage on level 3 of the Elven Halls)
 66539 | Elf:3    | Gained mutation: You are frail (-10% HP). [a cacodemon]
 67256 | Elf:3    | Got a bound bone ring
 67344 | Orc:3    | You fall through a shaft!
 67818 | Lair:1   | Identified the ring "Satir" {+Fly rElec} (You took it off a deep elf high priest on level 3 of the Elven Halls)
 68136 | D:15     | Reached skill level 17 in Conjurations
 68204 | D:15     | Found a staircase to the Depths.
 68293 | D:15     | Got a slimy large shield
 68306 | D:15     | Identified the +5 large shield of Misanthropy {Str+3} (You found it on level 15 of the Dungeon)
 68396 | Depths:1 | Entered Level 1 of the Depths
 69836 | Snake:2  | Reached XP level 19. HP: 116/116 MP: 22/36
 70312 | Snake:2  | Reached skill level 10 in Polearms
 71275 | Snake:2  | Found a radiant altar of Vehumet.
 71559 | Snake:2  | Got a twitching turquoise ring
 72594 | Swamp:1  | Identified the cursed ring of Lilacs {+Blink EV-5 Str-5 Dex+9} (You took it off a naga on level 2 of the Snake Pit)
 73618 | Swamp:2  | Noticed Nikola
 76278 | Swamp:2  | Killed Nikola
 76917 | Swamp:2  | Reached skill level 10 in Dodging
 77163 | Swamp:3  | Upgraded the game from 0.17-a0-2093-gc772f4b to 0.17-a0-2099-g910b1c6
 77229 | Swamp:4  | Entered Level 4 of the Swamp
 78110 | Swamp:3  | Upgraded the game from 0.17-a0-2099-g910b1c6 to 0.17-a0-2108-g65e8068
 78847 | Elf:3    | Got a polished hand axe {distort}
 78920 | Elf:3    | Got a crude turquoise ring
 79024 | Elf:3    | Identified the ring "Atse" {rC+ Slay+2 SInv Stlth-} (You took it off a deep elf annihilator on level 3 of the Elven Halls)
 79984 | Elf:3    | Got a flickering jade amulet
 80063 | Elf:3    | Identified the amulet of Zoli {Spirit rC+ Dex+3 Slay+3 Stlth+} (You took it off a deep elf annihilator on level 3 of the Elven Halls)
 80251 | Elf:3    | Reached XP level 20. HP: 125/125 MP: 27/37
 80648 | Elf:3    | Got a crude wooden ring
 80651 | Elf:3    | Identified the ring "Uskeula" {*Drain rC+ Int+6} (You took it off a deep elf high priest on level 3 of the Elven Halls)
 81373 | Elf:3    | Identified the Handbook of Beguiling
 81457 | Elf:3    | Identified the Papyrus of Enhancements
 81469 | Elf:3    | Got a bloodstained hand crossbow
 81470 | Elf:3    | Identified the +10 hand crossbow of Death's Door {velocity, rC+ Str+3} (You found it on level 3 of the Elven Halls)
 84206 | Swamp:4  | Reached skill level 10 in Stealth
 84508 | Swamp:4  | Got a decaying rune of Zot
 88204 | Snake:4  | Entered Level 4 of the Snake Pit
 88204 | Snake:4  | Noticed veever's ghost (journeyman DDBe)
 89337 | Snake:3  | Reached skill level 15 in Fighting
 89439 | Snake:4  | Reached XP level 21. HP: 135/135 MP: 21/38
 89449 | Snake:4  | Killed veever's ghost
 90605 | Snake:4  | Reached skill level 5 in Translocations
 91780 | Snake:4  | Found a snail-covered altar of Cheibriados.
 95390 | Snake:4  | Got a serpentine rune of Zot
 95571 | Snake:4  | Reached XP level 22. HP: 141/141 MP: 18/39
 97071 | Elf:3    | Learned a level 9 spell: Fire Storm
 97273 | Vaults:1 | Entered Level 1 of the Vaults
 97273 | Vaults:1 | Found Hisukeps's Weapon Emporium.
 98408 | Vaults:2 | Reached skill level 15 in Fire Magic
101533 | Vaults:2 | Found a staircase to the Crypt.
102033 | Vaults:3 | Reached skill level 18 in Conjurations
102642 | Crypt:1  | Entered Level 1 of the Crypt
103235 | Vaults:2 | Reached XP level 23. HP: 145/145 MP: 31/40
103819 | Vaults:3 | Paralysed by a Zot trap for 3 turns
103908 | Vaults:2 | Noticed Rupert
103920 | Vaults:2 | Killed Rupert
108012 | Vaults:4 | Reached skill level 19 in Conjurations
109228 | Vaults:4 | Reached XP level 24. HP: 146/152 MP: 4/40
111391 | Crypt:1  | Upgraded the game from 0.17-a0-2108-g65e8068 to 0.17-a0-2115-g0d8b93e
111628 | Crypt:2  | Noticed Sojobo
113437 | Slime:1  | Entered Level 1 of the Pits of Slime
114448 | Slime:1  | Reached skill level 10 in Earth Magic
114663 | Slime:1  | Reached skill level 20 in Fire Magic
117958 | Slime:4  | Reached XP level 25. HP: 145/156 MP: 27/40
118094 | Slime:6  | Entered Level 6 of the Pits of Slime
119618 | Slime:6  | Found a viscous altar of Jiyva.
119620 | Slime:6  | Noticed the royal jelly
119653 | Slime:6  | Killed the royal jelly
120371 | Slime:6  | Identified the Tome of Darkness (You found it on level 6 of the Pits of Slime)
120373 | Slime:6  | Got a slimy rune of Zot
120436 | Slime:6  | Identified a +3 rod of clouds (14/14) (You found it on level 6 of the Pits of Slime)
120821 | Slime:6  | Got a warped demon whip
120822 | Slime:6  | Identified the +4 demon whip of the Hierophant {elec, rPois rF+++ rN++ MP-9} (You found it on level 6 of the Pits of Slime)
120823 | Slime:6  | well that's a nice set of resistances
121752 | D:11     | Noticed a centaur warrior
121765 | D:11     | Killed a centaur warrior
121765 | D:11     | Reached skill level 1 in Maces & Flails
122658 | Depths:1 | Noticed kaze's ghost (adept FoEE)
122914 | Depths:1 | Killed kaze's ghost
123157 | Depths:1 | Found a one-way gate to the infinite horrors of the Abyss.
123169 | Depths:1 | Reached skill level 5 in Throwing
123895 | Depths:1 | Found a gateway to Hell.
123978 | Depths:1 | Reached skill level 5 in Maces & Flails
124551 | Depths:2 | Found a magical portal.
124597 | WizLab   | Entered The Chambers of Quxid the Cloud Mage
125585 | WizLab   | Reached XP level 26. HP: 153/162 MP: 40/40
125672 | WizLab   | Identified Qiud's Reference Book on Excruciating Lightness (You found it in a wizard's laboratory)
125706 | WizLab   | Identified the Volume of Excruciating Lightness (You found it in a wizard's laboratory)
126013 | Depths:2 | Noticed Frederick
126025 | Depths:2 | Killed Frederick
126193 | Depths:2 | Found a runed door.
126290 | Depths:2 | Found a radiant altar of Vehumet.
126363 | Depths:2 | Got a twisted triple sword
126369 | Depths:2 | Identified the cursed +0 triple sword "Hihutwove" {vamp, +Inv Dex+3} (You found it on level 2 of the Depths)
126675 | Depths:2 | Reached skill level 1 in Charms
126850 | Depths:2 | Found a runed door.
127288 | Depths:2 | Found a one-way gate leading to the halls of Pandemonium.
128107 | Vaults:2 | Learned a level 6 spell: Deflect Missiles
128245 | Vaults:5 | Entered Level 5 of the Vaults
128621 | Vaults:5 | Reached skill level 5 in Charms
128796 | Vaults:5 | Gained mutation: Potions and wands are less effective at restoring your health. [mutagenic glow]
129280 | Vaults:5 | Noticed Xuu's ghost (veteran KoAs)
129387 | Vaults:5 | Reached XP level 27. HP: 164/168 MP: 1/40
129398 | Vaults:5 | Noticed an ancient lich
129404 | Vaults:5 | Killed an ancient lich
129436 | Vaults:5 | Noticed an ancient lich
129964 | Crypt:2  | Killed Sojobo
129964 | Crypt:2  | Reached skill level 21 in Fire Magic
132389 | Orc:1    | Bought a slice of pizza for 18 gold pieces
132389 | Orc:1    | Bought a meat ration for 60 gold pieces
132389 | Orc:1    | Bought a beef jerky for 18 gold pieces
132389 | Orc:1    | Bought a meat ration for 60 gold pieces
132389 | Orc:1    | Bought a meat ration for 60 gold pieces
132389 | Orc:1    | Bought a bread ration for 60 gold pieces
132389 | Orc:1    | Bought a bread ration for 60 gold pieces
132389 | Orc:1    | Bought a meat ration for 60 gold pieces
132389 | Orc:1    | Bought a meat ration for 60 gold pieces
132389 | Orc:1    | Bought a slice of pizza for 18 gold pieces
132489 | D:13     | Killed Frances
132952 | Depths:3 | Paralysed by a giant eyeball for 3 turns
133228 | Depths:3 | Noticed a juggernaut
133605 | D:10     | Upgraded the game from 0.17-a0-2115-g0d8b93e to 0.17-a0-2122-g03d97ec
133865 | Hell     | Entered the Vestibule of Hell
133865 | Hell     | Noticed Geryon
133884 | Hell     | Killed Geryon
133888 | Hell     | Found a gateway to the Iron City of Dis.
134584 | Depths:4 | Found a gateway to a ziggurat.
134652 | Depths:5 | Entered Level 5 of the Depths
135176 | Depths:5 | Found a gate to the Realm of Zot.
135301 | Zot:1    | Entered Level 1 of the Realm of Zot
135332 | Zot:1    | Identified the Papyrus of the Mutagenic Rocks
135355 | Zot:1    | Reached skill level 15 in Spellcasting
135586 | Zot:1    | Noticed an orb of fire
135865 | Depths:5 | Note to self: Don't fuck around in zot
136114 | Depths:5 | Noticed the Enchantress
136170 | Depths:5 | Killed the Enchantress
136277 | Depths:5 | Got a faerie dragon armour
137292 | Vaults:2 | Learned a level 6 spell: Freezing Cloud
138758 | Vaults:5 | Got a crude mace
138759 | Vaults:5 | Identified the +7 mace "Mitij" {venom, Str+2 SInv} (You found it on level 5 of the Vaults)
139407 | Vaults:5 | Killed Xuu's ghost
139544 | Vaults:5 | Reached skill level 10 in Maces & Flails
139892 | Vaults:5 | Learned a level 1 spell: Apportation
140222 | Vaults:5 | Killed an ancient lich
140328 | Vaults:5 | Got a silver rune of Zot
140808 | Vaults:2 | Learned a level 5 spell: Dispel Undead
141030 | Crypt:2  | Reached skill level 1 in Necromancy
141574 | Crypt:3  | Entered Level 3 of the Crypt
142844 | Crypt:3  | Reached skill level 5 in Necromancy
143475 | Crypt:3  | Got a crude marble ring
143478 | Crypt:3  | Identified the ring "Pokianuss" {rN+ Int+3 Stlth+} (You found it on level 3 of the Crypt)
143481 | Crypt:3  | Got a translucent brass ring
143483 | Crypt:3  | Identified the ring of Lugonu's Pride {rN+ Str+6 Dex-4} (You found it on level 3 of the Crypt)
143604 | Crypt:3  | Noticed an ancient lich
143619 | Crypt:3  | Killed an ancient lich
143761 | Crypt:3  | Noticed an ancient lich
143779 | Crypt:3  | Killed an ancient lich
143950 | Crypt:3  | Identified the Tome of Doomed Good Luck (You found it on level 3 of the Crypt)
144814 | Crypt:3  | Found an ancient bone altar of Kikubaaqudgha.
145190 | Crypt:3  | Found a staircase to the Tomb.
145357 | Crypt:3  | Identified the Volume of Darkness
145359 | Crypt:3  | Got a scintillating amethyst amulet
145361 | Crypt:3  | Identified the amulet of the Nine Wishes {Inacc SInv} (You found it on level 3 of the Crypt)
145701 | Tomb:1   | Entered Level 1 of the Tomb of the Ancients
149172 | Hell     | Found a gateway to the ashen valley of Gehenna.
149273 | Hell     | Found a gateway to the decaying netherworld of Tartarus.
149347 | Hell     | Found a gateway to the freezing wastes of Cocytus.
149773 | Orc:4    | Bought a papyrus book for 435 gold pieces
149775 | Orc:4    | Learned a level 1 spell: Summon Butterflies
149879 | Orc:2    | You fall through a shaft!
151636 | Depths:3 | Killed a juggernaut
152251 | Depths:3 | Noticed a juggernaut
152288 | Depths:3 | Killed a juggernaut
155118 | Depths:4 | Reached skill level 15 in Evocations
155948 | Depths:5 | Upgraded the game from 0.17-a0-2122-g03d97ec to 0.17-a0-2127-g1cb09f6
157626 | Tomb:1   | Learned a level 6 spell: Haste
158435 | Orc:4    | Bought a legendary deck of cards for 494 gold pieces
158456 | Orc:4    | Bought a scroll of identify for 28 gold pieces
158456 | Orc:4    | Bought a scroll of holy word for 105 gold pieces
158456 | Orc:4    | Bought a scroll of fog for 28 gold pieces
158456 | Orc:4    | Bought a scroll of fog for 28 gold pieces
158458 | Orc:4    | Bought a legendary deck of summoning for 390 gold pieces
158479 | Orc:4    | Bought a scroll of remove curse for 36 gold pieces
158479 | Orc:4    | Bought a scroll of identify for 24 gold pieces
158479 | Orc:4    | Bought a scroll of identify for 24 gold pieces
158479 | Orc:4    | Bought a scroll of remove curse for 36 gold pieces
160007 | Zig:1    | Entered Level 1 of a ziggurat
160202 | Zig:2    | Entered Level 2 of a ziggurat
160348 | Zig:3    | Entered Level 3 of a ziggurat
160405 | Zig:3    | Got a steaming halberd
160406 | Zig:3    | Identified the +11 halberd "Atidghy" {elec, +Fly Int+2} (You found it on level 3 of a ziggurat)
160506 | Zig:4    | Entered Level 4 of a ziggurat
160688 | Zig:5    | Entered Level 5 of a ziggurat
160722 | Zig:5    | Got a shimmering bone ring
160724 | Zig:5    | Identified the ring "Joesuble" {*Corrode +Blink rPois rF+ rN+++} (You found it on level 5 of a ziggurat)
160828 | Zig:5    | Ok. I got sustabs, but can't stop yet.
160895 | Zig:6    | Entered Level 6 of a ziggurat
160992 | Zig:6    | Gained mutation: Your magical capacity is low (-10% MP). [mutagenic glow]
161053 | Zig:6    | Damn. To haste or not to haste.
161164 | Zig:7    | Entered Level 7 of a ziggurat
161392 | Zig:7    | Got a scorched mace
161393 | Zig:7    | Identified the cursed +2 mace "Wuqeu" {flame, rPois Str+4 Dex-3} (You found it on level 7 of a ziggurat)
161428 | Zig:7    | To quaff or not to quaff?
161460 | Zig:8    | Entered Level 8 of a ziggurat
161472 | Zig:8    | Reached skill level 15 in Dodging
161610 | Zig:9    | Entered Level 9 of a ziggurat
161873 | Zig:9    | Lost mutation: Potions and wands are less effective at restoring your health. [potion of cure mutation]
161873 | Zig:9    | Lost mutation: You are frail (-10% HP). [potion of cure mutation]
161873 | Zig:9    | Lost mutation: Your magical capacity is low (-10% MP). [potion of cure mutation]
161873 | Zig:9    | Lost mutation: You can translocate small distances at will. [potion of cure mutation]
161884 | Zig:9    | Gained mutation: Your flesh is heat resistant. [potion of beneficial mutation]
161908 | Zig:9    | Ok. That was close. Should probably stop now. Got more than I went in for.
161962 | Zig:10   | Entered Level 10 of a ziggurat
162039 | Zig:10   | Got a slimy ruby amulet
162040 | Zig:10   | Identified the amulet of Tum Isef {Spirit rElec rF+ MR- Str+3} (You found it on level 10 of a ziggurat)
162138 | Zig:10   | Got a twisted shortbow
162162 | Zig:10   | Hmm... still don't have rMut. Not gonna do Pan without that...
162182 | Zig:11   | Entered Level 11 of a ziggurat
162268 | Zig:11   | Identified a +2 rod of clouds (11/11) (You found it on level 11 of a ziggurat)
162275 | Zig:11   | Got a twitching lead ring
162276 | Zig:11   | Identified the ring "Puxophis" {rElec rPois rN+ AC+1 Dex+3} (You found it on level 11 of a ziggurat)
162469 | Zig:12   | Entered Level 12 of a ziggurat
162567 | Zig:12   | Got a heavily runed steel ring
162568 | Zig:12   | Identified the ring "Difuadul" {rPois MR- MP+9 EV+4 Str+2} (You found it on level 12 of a ziggurat)
162585 | Zig:12   | Identified a +2 rod of destruction (13/13) (You found it on level 12 of a ziggurat)
162624 | Zig:12   | Learned a level 7 spell: Delayed Fireball
162663 | Zig:13   | Entered Level 13 of a ziggurat
162728 | Zig:13   | Got a steaming steel ring
162729 | Zig:13   | Identified the ring of Jealousy {rPois MR+ Int+8} (You found it on level 13 of a ziggurat)
162760 | Zig:13   | Gained mutation: You possess an exceptional clarity of mind. [potion of beneficial mutation]
162783 | Zig:13   | Identified the Reference Book on Ashen Sinister Rites (You found it on level 13 of a ziggurat)
162854 | Zig:13   | Upgraded the game from 0.17-a0-2127-g1cb09f6 to 0.17-a0-2144-gd7f430c
162870 | Zig:14   | Entered Level 14 of a ziggurat
162894 | Zig:14   | Reached skill level 22 in Spellcasting
162954 | Zig:14   | Got a bound amber ring
162955 | Zig:14   | Identified the ring of Isuoss {Wiz +Fly Str-4 SInv Stlth-} (You found it on level 14 of a ziggurat)
162969 | Zig:14   | Identified the Guide on Talismans (You found it on level 14 of a ziggurat)
163110 | Zig:15   | Entered Level 15 of a ziggurat
163369 | Zig:15   | Identified the Grimoire of Mutagenic Curses (You found it on level 15 of a ziggurat)
163413 | Zig:15   | Learned a level 2 spell: Stoneskin
163442 | Zig:15   | Got a sparkling steel ring
163447 | Zig:15   | Identified the ring of Serendipity {rPois rC+ Int+2 Dex+2} (You acquired it on level 15 of a ziggurat)
163448 | Zig:15   | 4x rPois
163515 | Zig:16   | Entered Level 16 of a ziggurat
163704 | Zig:16   | Got a translucent pewter ring
163729 | Zig:16   | Identified Rops's Almanac of Venom
163744 | Zig:16   | Identified the ring of Iproorgh {Wiz rC++} (You found it on level 16 of a ziggurat)
163893 | Zig:17   | Entered Level 17 of a ziggurat
164133 | Zig:17   | Got a twitching amber ring
164145 | Zig:17   | Identified the Grimoire of Ghastly Bewitchment
164157 | Zig:17   | Got a clouded silver ring
164176 | Zig:17   | Identified the ring of the Commoners {+Fly rElec Dex+2} (You found it on level 17 of a ziggurat)
164177 | Zig:17   | Identified the ring "Acsify" {-Tele +Fly MR+ Str+3} (You found it on level 17 of a ziggurat)
164404 | Zig:17   | Two reasons to leave. Got everything I needed. No more space in inventory.
165777 | Depths:5 | Killed an orb of fire
170429 | Zot:3    | Reached skill level 10 in Throwing
172806 | Zot:4    | Found a glowing golden altar of the Shining One.
172943 | Zot:4    | Identified the Handbook of Fire and Brimstone
172959 | Zot:4    | Identified the Papyrus of the Zealot
172983 | Zot:5    | Entered Level 5 of the Realm of Zot
173716 | Zot:4    | Reached skill level 23 in Conjurations
173904 | Zot:5    | Noticed an orb of fire
174618 | Zot:5    | Killed an orb of fire
175656 | Zot:5    | Reached skill level 24 in Conjurations
175779 | Zot:5    | Noticed an ancient lich
175788 | Zot:5    | Killed an ancient lich
176073 | Zot:5    | Noticed an ancient lich
176077 | Zot:5    | Killed an ancient lich
176214 | Zot:5    | Noticed an ancient lich
176248 | Zot:5    | Noticed an orb of fire
176255 | Zot:5    | Killed an orb of fire
176562 | Zot:5    | Killed an ancient lich
176802 | Zot:5    | Noticed an orb of fire
176826 | Zot:5    | Killed an orb of fire
177042 | Zot:5    | Noticed an ancient lich
177050 | Zot:5    | Killed an ancient lich
177050 | Zot:5    | Reached skill level 25 in Conjurations
177171 | Zot:5    | Noticed an orb of fire
177344 | Zot:5    | Noticed an orb of fire
177350 | Zot:5    | Killed an orb of fire
177556 | Zot:5    | Killed an orb of fire
178262 | Zot:5    | Noticed an ancient lich
178265 | Zot:5    | Killed an ancient lich
178398 | Zot:5    | Noticed an ancient lich
178464 | Zot:5    | Noticed an ancient lich
178466 | Zot:5    | Killed an ancient lich
178466 | Zot:5    | Reached skill level 26 in Conjurations
178468 | Zot:5    | Killed an ancient lich
179061 | Zot:5    | Noticed an ancient lich
179068 | Zot:5    | Killed an ancient lich
179080 | Zot:5    | Noticed an ancient lich
179083 | Zot:5    | Killed an ancient lich
179436 | Zot:5    | hee hee
180098 | Zot:5    | Reached skill level 27 in Conjurations
180507 | Zot:5    | Reached skill level 1 in Unarmed Combat
181122 | Zot:5    | Upgraded the game from 0.17-a0-2144-gd7f430c to 0.17-a0-2158-g6d76252
181397 | Coc:1    | Entered Level 1 of Cocytus
181863 | Coc:3    | Reached skill level 5 in Unarmed Combat
182492 | Coc:7    | Entered Level 7 of Cocytus
184520 | Coc:7    | Cast into the Abyss (reaper)
184598 | Abyss:1  | fucking reapers
184662 | Abyss:1  | Found a white marble altar of Elyvilon.
184663 | Abyss:1  | Found a shimmering altar of Xom.
184665 | Abyss:1  | Found a stormy altar of Qazlal.
184665 | Abyss:1  | Found a glowing golden altar of the Shining One.
184665 | Abyss:1  | Found a shadowy altar of Dithmenos.
184665 | Abyss:1  | Found a burning altar of Makhleb.
184666 | Abyss:1  | Found an opulent altar of Gozag.
184666 | Abyss:1  | Found an ancient bone altar of Kikubaaqudgha.
184666 | Abyss:1  | Found a blossoming altar of Fedhas.
184667 | Abyss:1  | Found a radiant altar of Vehumet.
184667 | Abyss:1  | Found a snail-covered altar of Cheibriados.
184667 | Abyss:1  | Found a bloodstained altar of Trog.
184670 | Abyss:1  | Found a basalt altar of Yredelemnul.
184670 | Abyss:1  | Found a shattered altar of Ashenzari.
184670 | Abyss:1  | Found a glowing silver altar of Zin.
184676 | Abyss:1  | Found a deep blue altar of Sif Muna.
184676 | Abyss:1  | Found a sparkling altar of Nemelex Xobeh.
184676 | Abyss:1  | Found an iron altar of Okawaru.
185486 | Coc:7    | Escaped the Abyss
185725 | Coc:7    | Noticed Antaeus
185744 | Coc:7    | Killed Antaeus
185763 | Coc:7    | Got an icy rune of Zot
185796 | Coc:7    | Identified the Disquisition on the Entourage
185808 | Coc:7    | Got a fabulously ornate robe
185809 | Coc:7    | Identified the +1 robe of Elyvilon's Regard {MR+ Int+8} (You found it on level 7 of Cocytus)
186005 | Hell     | Antaeus was bullshit. Don't know if I got any XP since Antaeus ended up killing Antaeus.
187467 | Tomb:2   | Noticed an ancient lich
190797 | Tomb:2   | Killed an ancient lich
191215 | Tomb:2   | Gained mutation: You expend magic power (3 MP) to strengthen your wands. [a neqoxec]
192236 | Tomb:3   | Entered Level 3 of the Tomb of the Ancients
192676 | Tomb:3   | Noticed an ancient lich
192678 | Tomb:3   | Killed an ancient lich
193065 | Tomb:3   | Noticed Khufu
193197 | Tomb:3   | Killed Khufu
193722 | Tomb:3   | Got a polished gold dragon armour
193723 | Tomb:3   | Identified the cursed +0 gold dragon armour of Satisfaction {rElec rPois rF+ rC+ rN+} (You found it on level 3 of the Tomb of the Ancients)
193991 | Tomb:3   | Got a golden rune of Zot
194066 | Tomb:3   | Got an ebony whip
194067 | Tomb:3   | Identified the +10 whip of Havoc {flame, rElec} (You found it on level 3 of the Tomb of the Ancients)
194082 | Tomb:3   | Identified the Grimoire of Pyromania
194111 | Tomb:3   | Got a wavering glass ring
194112 | Tomb:3   | Identified the ring "Syggech" {rElec rF+ rC- Dex+7 Stlth+} (You found it on level 3 of the Tomb of the Ancients)
194119 | Tomb:3   | Identified the Papyrus of Feathery Cold
194170 | Tomb:3   | Identified a cursed +2 rod of ignition (11/11) (You found it on level 3 of the Tomb of the Ancients)
194179 | Tomb:3   | Got a polished spear
194180 | Tomb:3   | Identified the cursed +1 spear "Umi Ower" {venom, Int+4 Dex+3} (You found it on level 3 of the Tomb of the Ancients)
194188 | Tomb:3   | Got a polished spear
194189 | Tomb:3   | Identified the +9 spear of Xom's Indignation {flame, rF+ MP+9} (You found it on level 3 of the Tomb of the Ancients)
194378 | Tomb:3   | That was repetitive.
195397 | Vaults:2 | Learned a level 8 spell: Lehudib's Crystal Spear
196668 | Zot:5    | Got the Orb of Zot
197179 | D:7      | Noticed Zotwanug the pandemonium lord
197197 | D:7      | Killed Zotwanug the pandemonium lord
197450 | D:4      | Noticed Qowky the pandemonium lord
197453 | D:4      | Killed Qowky the pandemonium lord
197543 | D:4      | Noticed Xythu the pandemonium lord
197622 | D:4      | Killed Xythu the pandemonium lord
197626 | D:4      | HP: 3/205 [elder weirdbat beast[the player character] (15)]
197627 | D:4      | Mangled by an elder weirdbat beast

Vault maps used:
D:1:      saegor_arrival_under_anarchy
D:2:      minitemple, kennysheep_potato, uniq_iyjb
D:3:      elyvilon_altar_4, grunt_dithmenos_smoke_and_mirrors
D:4:      serial_shops, nicolae_shop_waterfront
D:5:      first_bread, basic_altar
D:6:      lemuel_castle_with_subvaults
D:7:      kennysheep_mini, fedhas_altar_4, temple_fountains, grunt_livestock
D:8:      serial_shops, nicolae_shop_window_shopping
D:9:      erik_lair_dragon, uniq_psyche
D:10:     serial_shops, shop
D:11:     minmay_misc_feat_alley
D:12:     orc_david_3, spider_trap
D:13:     grunt_vaults_entry_tiered, ashenzari_altar_1, uniq_frances
D:14:     lemuel_vampire_tower
D:15:     gammafunk_enter_depths_forms, minivault_16
Temple:   circular_temple_12
Lair:1:   uniq_erica
Lair:3:   pf_torpor_hydra
Lair:4:   beast_lair_carwin_7
Lair:5:   nicolae_swamp_entry_splash_gauntlet, st_stairs_6,
          minmay_lair_oklob_bushes
Lair:6:   guppyfry_snake_entry_island, slime_altar_1, enter_volcano_2,
          infiniplex_staircase_pool
Lair:7:   st_stairs_12, minmay_stone_trees_small, serial_bayou_shore_a,
          grunt_megastairs_4, lemuel_fruit_fields
Lair:8:   hangedman_lair_in_review, wormcave, lab_entry_generic
Swamp:1:  hangedman_swamp_blocks, cheibrodos_swamp_slimy
Swamp:2:  hangedman_swamp_ruin_wall, uniq_nikola
Swamp:3:  nicolae_swamp_treefoil
Swamp:4:  swamp_alternative, swamp_pool5, infiniplex_staircase_pool_2
Snake:2:  basic_altar, serial_bayou_shore_b, serial_bayou_shore_b
Snake:4:  snake_pit_salamanders_mu, basic_altar
Slime:1:  nicolae_slime_barrier, cheibrodos_slime_lost_civilization_7
Orc:1:    serial_shops, shop, uniq_nergalle
Orc:3:    nicolae_orc_pool_cavern
Orc:4:    st_orc_elflike, serial_shops, shop, bloody_trog, uniq_sonja
Elf:1:    minmay_elf_arrival_circle, minmay_elf_necromancy
Elf:2:    basic_altar, guppyfry_elf_castle, uniq_wiglaf
Elf:3:    minmay_elf_hall_spiked, basic_altar
Vaults:1: v_misc_16, hangedman_vaults_trim, v_rooms_3, ontoclasm_vaults_hangar,
          hangedman_vaults_slice, ontoclasm_vaults_loading_screen,
          hangedman_vaults_pinch, vaults_room_door_ring, v_rooms_2,
          nicolae_vaults_diagonal_hallway_7, serial_shops, nicolae_shop_stone
Vaults:2: minmay_crypt_entry_simple_round, v_misc_17, vaults_room_boxed,
          v_misc_10, nicolae_vaults_circle_grid_a, vaults_room_pools,
          ontoclasm_vaults_twist, vaults_mumra_minichess_inversion,
          hangedman_vaults_snaps, hangedman_vaults_slice, nicolae_vaults_big_ls,
          nicolae_vaults_little_ls, sword_in_stone, vaults_room_pools
Vaults:3: nicolae_vaults_alarming, ontoclasm_vaults_eye, v_rooms_6,
          ontoclasm_vaults_claustrophobia, v_alt_pattern_5,
          hangedman_vaults_capsules, hangedman_vaults_river_flow,
          vaults_mumra_chevron, vaults_mumra_lcd, ontoclasm_vaults_ligature,
          nicolae_vaults_circle_grid_b, nicolae_vaults_asterisk,
          vaults_room_stairs_pillars, ontoclasm_vaults_loading_screen
Vaults:4: v_misc_28, nicolae_vaults_little_squares_1, hangedman_vaults_nails,
          v_alt_pattern_4, v_misc_25, vaults_mumra_chevron_long,
          hangedman_vaults_locks, vaults_room_corners,
          vaults_standard_mumra_lines, v_pattern_4, vaults_room_pool,
          nicolae_vaults_display_case
Vaults:5: serial_shops
Crypt:1:  grunt_ministairs_15, minmay_misc_feat_columns, eino_tiny_chamber,
          moated_statue
Crypt:2:  st_stairs_4, grunt_megastairs_2, basic_stair_grate_trap, uniq_sojobo
Crypt:3:  evilmike_haunted_forest
Depths:1: kennysheep_nub, grunt_mini_vestibule, abyss_entry,
          serial_bayou_pond_d, grunt_tough_drop, kennysheep_random_hallway
Depths:2: evilmike_halls_of_destruction, pf_vacation_house_of_asmodeus,
          mu_enter_wizlab_7, minmay_door_square, pan_entry,
          minmay_misc_feat_nine_boxes, minmay_stone_trees_large
Depths:3: hangedman_surveillance_ring, grunt_hell_entry_dis_mu, eino_curves_02,
          minmay_room_of_horrors, pan_entry, minmay_multi_spiral,
          infiniplex_staircase_pillars_2
Depths:4: kennysheep_green_arena, enter_ziggurat_c, abyss_entry, hell_entry,
          pan_entry, infiniplex_staircase_squiggle
Depths:5: grunt_zot_entry_alcove, hell_entry, uniq_enchantress
Coc:6:    grunt_deathspiral_small
Coc:7:    coc_grunt
Zot:1:    kennysheep_six_static_rooms
Zot:2:    minmay_elemental_castle
Zot:4:    nicolae_zot_draconian_monastery
Zot:5:    grunt_ministairs_14, st_stairs_9, nicolae_zot_crop_circle
Zig:8:    ziggurat_loot_3
Zig:12:   ziggurat_pillar_centre_c
Zig:14:   ziggurat_pillar_centre_dead_trees
Zig:15:   ziggurat_pillar_centre_oklobs
Lab:      nicolae_lab_dead_adventurers, labyrinth_skeletal_remains,
          lab_fountain, nicolae_lab_x, nicolae_lab_hexagon, lab_block
Volcano:  volcano_grotto
WizLab:   wizlab_cloud

Action                   |  1- 3 |  4- 6 |  7- 9 | 10-12 | 13-15 | 16-18 | 19-21 | 22-24 | 25-27 || total
-------------------------+-------+-------+-------+-------+-------+-------+-------+-------+-------++-------
Melee: Unarmed           |     2 |       |       |       |       |       |       |       |     4 ||     6
       Whip              |     3 |    12 |       |       |       |       |       |       |       ||    15
       Hand axe          |       |    26 |       |       |       |       |       |       |       ||    26
       Trident           |       |    16 |   281 |   447 |   238 |   367 |       |       |       ||  1349
       Glaive            |       |       |       |       |   783 |   178 |       |       |       ||   961
       Staff             |       |       |       |       |    41 |    19 |     8 |     1 |    49 ||   118
       Quarterstaff      |       |       |       |       |     2 |       |       |       |       ||     2
       Broad axe         |       |       |       |       |     1 |       |       |       |       ||     1
       Demon trident     |       |       |       |       |       |    64 |   658 |   954 |   572 ||  2248
       Demon whip        |       |       |       |       |       |       |       |       |  2396 ||  2396
 Fire: Blowgun           |       |     4 |    14 |    46 |   148 |    69 |    14 |    28 |     3 ||   326
       Hunting sling     |       |       |       |   382 |   195 |    47 |       |       |       ||   624
       Hand crossbow     |       |       |       |    12 |       |       |       |       |       ||    12
Throw: Stone             |       |     9 |   104 |     2 |       |       |       |       |       ||   115
       Tomahawk          |       |       |    15 |    91 |    60 |    26 |     7 |       |       ||   199
       Javelin           |       |       |       |       |       |       |       |       |    11 ||    11
 Cast: Magic Dart        |    70 |   146 |   292 |   316 |   171 |    62 |    26 |     7 |    10 ||  1100
       Conjure Flame     |       |     7 |    62 |   150 |   234 |   109 |    18 |    95 |    98 ||   773
       Mephitic Cloud    |       |     5 |    27 |    57 |    48 |   131 |   110 |   166 |    49 ||   593
       Blink             |       |       |     8 |    16 |    14 |    23 |    26 |    18 |    41 ||   146
       Repel Missiles    |       |       |     2 |     2 |     9 |     4 |       |     6 |     3 ||    26
       Call Imp          |       |       |     1 |     4 |       |       |       |       |       ||     5
       Force Lance       |       |       |       |    50 |   253 |   253 |   233 |   190 |   279 ||  1258
       Gell's Gravitas   |       |       |       |     8 |     1 |       |       |       |       ||     9
       Lee's Rapid Decon |       |       |       |       |    58 |    83 |    21 |   108 |   312 ||   582
       Irradiate         |       |       |       |       |     2 |     9 |     4 |       |       ||    15
       Orb of Destructio |       |       |       |       |     8 |   144 |   208 |    92 |   216 ||   668
       Fireball          |       |       |       |       |     2 |   205 |   253 |   306 |   498 ||  1264
       Ignite Poison     |       |       |       |       |       |    32 |    86 |   118 |    12 ||   248
       Cure Poison       |       |       |       |       |       |     1 |     6 |     1 |       ||     8
       Fire Storm        |       |       |       |       |       |       |       |     6 |   637 ||   643
       Deflect Missiles  |       |       |       |       |       |       |       |       |    10 ||    10
       Freezing Cloud    |       |       |       |       |       |       |       |       |   252 ||   252
       Dispel Undead     |       |       |       |       |       |       |       |       |   157 ||   157
       Haste             |       |       |       |       |       |       |       |       |    63 ||    63
       Stoneskin         |       |       |       |       |       |       |       |       |    54 ||    54
       Lehudib's Crystal |       |       |       |       |       |       |       |       |    17 ||    17
       Delayed Fireball  |       |       |       |       |       |       |       |       |     9 ||     9
       Summon Butterflie |       |       |       |       |       |       |       |       |     8 ||     8
 Abil: Blink             |       |       |     1 |       |       |       |     1 |       |       ||     2
       Evoke Flight      |       |       |       |       |       |       |     3 |       |     1 ||     4
       Release Delayed F |       |       |       |       |       |       |       |       |     7 ||     7
       Evoke Invisibilit |       |       |       |       |       |       |       |       |     3 ||     3
Evoke: Wand              |       |       |     3 |     9 |    12 |     4 |     4 |    11 |    35 ||    78
       Staff of energy   |       |       |       |       |       |    12 |    38 |    41 |   633 ||   724
       Deck              |       |       |       |       |       |     1 |       |       |     8 ||     9
       Lamp of fire      |       |       |       |       |       |       |       |     4 |     3 ||     7
       Crystal ball of e |       |       |       |       |       |       |       |       |   121 ||   121
       Rod               |       |       |       |       |       |       |       |       |     1 ||     1
       Phial of floods   |       |       |       |       |       |       |       |       |     6 ||     6
       Disc of storms    |       |       |       |       |       |       |       |       |     8 ||     8
       Fan of gales      |       |       |       |       |       |       |       |       |     4 ||     4
       Box of beasts     |       |       |       |       |       |       |       |       |     3 ||     3
       Horn of Geryon    |       |       |       |       |       |       |       |       |     1 ||     1
       Phantom mirror    |       |       |       |       |       |       |       |       |     1 ||     1
  Use: Scroll            |       |     9 |     8 |    14 |    10 |    19 |    11 |     5 |    81 ||   157
       Potion            |       |     3 |     7 |     6 |     3 |     5 |     4 |     2 |    35 ||    65
 Stab: Confused          |       |     1 |     6 |     8 |    20 |    21 |     3 |    11 |     8 ||    78
       Sleeping          |       |       |       |     2 |    14 |    10 |     7 |     4 |    17 ||    54
       Distracted        |       |       |       |       |     3 |     3 |     5 |    13 |    17 ||    41
  Eat: Chunk             |     2 |    11 |    28 |    37 |    54 |    92 |    88 |    84 |   271 ||   667
       Fruit             |       |       |     3 |     1 |     3 |     2 |     2 |       |       ||    11
       Beef jerky        |       |       |     1 |       |     1 |     1 |       |       |     3 ||     6
       Pizza             |       |       |     1 |       |     1 |     1 |       |       |     4 ||     7
       Royal jelly       |       |       |       |     1 |     1 |       |     1 |       |     4 ||     7
       Meat ration       |       |       |       |     1 |     1 |       |     3 |     4 |    16 ||    25
       Bread ration      |       |       |       |       |     1 |       |       |       |    12 ||    13
